 Dungeon Crawl Stone Soup version 0.17.1-2-g5865329 (webtiles) character file.

1308 Goblin1989 the Martial Artist (level 8, -11/44 HPs)
             Began as a Vine Stalker Monk on Jan 24, 2016.
             Was a Believer of Elyvilon.
             Mangled by an orc warrior
             ... wielding a +0 war axe
              (20 damage)
             ... on level 7 of the Dungeon.
             The game lasted 00:20:21 (3593 turns).

Goblin1989 the Martial Artist (Vine Stalker Monk)   Turns: 3593, Time: 00:20:21

Health: -11/44     AC: 12    Str: 16    XL:     8   Next: 58%
Magic:  0/11       EV:  5    Int: 10    God:    Elyvilon [**....]
Gold:   2          SH:  0    Dex: 17    Spells: 0 memorised, 7 levels left

rFire  . . .     SeeInvis .       - Unarmed
rCold  . . .     Clarity  .     u - +0 plate armour
rNeg   . . .     SustAt   .     (no shield)
rPois  .         Gourm    .     (no helmet)
rElec  .         Spirit   +     (no cloak)
rCorr  .         Warding  .     (no gloves)
rMut   .         Stasis   .     g - +0 pair of boots
MR     +....                    w - amulet of rage
Stlth  ..........               (no ring)
                                (no ring)

@: somewhat resistant to hostile enchantments, extremely unstealthy
A: fangs 3, regeneration 2, magic shield, antimagic bite, no device heal 3, rot
immunity
a: Lesser Healing, Heal Other, Divine Protection, Renounce Religion, Evoke
Berserk Rage


You were on level 7 of the Dungeon.
You worshipped Elyvilon.
Elyvilon was pleased with you.
You were hungry.

You visited 1 branch of the dungeon, and saw 6 of its levels.
You also visited: Sewer.

You collected 226 gold pieces.
You spent 224 gold pieces at shops.

Inventory:

Missiles
 n - 4 javelins (quivered)
Armour
 g - a +0 pair of boots (worn)
 u - a +0 plate armour (worn)
Jewellery
 w - an amulet of rage (around neck)
Wands
 s - a wand of lightning (6)
 y - a wand of lightning (9)
Scrolls
 c - 4 scrolls of remove curse
 i - a scroll of enchant weapon
 q - 2 scrolls of identify
 r - a scroll of amnesia {unknown}
 t - a scroll of noise {unknown}
Potions
 a - 3 potions of heal wounds {unknown}
 d - a potion of cancellation {unknown}
 e - a potion of ambrosia {unknown}
 f - 3 potions of curing
 j - a potion of lignification {unknown}
 l - 4 potions of berserk rage
 m - a potion of flight {unknown}
 o - 2 potions of poison {unknown}
 p - 4 potions of magic {unknown}
 x - a potion of brilliance {unknown}
 z - a potion of invisibility {unknown}
Comestibles
 b - 3 bread rations
 h - 3 meat rations
 k - a slice of pizza
 v - 8 chunks of flesh


   Skills:
 * Level 5.5 Fighting
 + Level 2.7 Armour
 - Level 2.4 Dodging
 - Level 2.4 Stealth
 + Level 8.2 Unarmed Combat
 + Level 2.8 Invocations


You had 7 spell levels left.
You didn't know any spells.

Dungeon Overview and Level Annotations

Branches:
Dungeon (8/15)
 Temple: D:4-7         Lair: D:8-11

Altars:
Elyvilon
Okawaru

Shops:
D:7 *

Annotations:
D:7 Goblin1989's ghost, novice DDNe
D:8 exclusion: obsidian statue


Innate Abilities, Weirdness & Mutations

You have razor-sharp teeth.
You heal very quickly.
When hurt, damage is shared between your health and your magic reserves.
Your bite disrupts and absorbs the magic of your enemies.
Potions and wands cannot restore your health.
You are immune to rotting.


Message History

The orc warrior is moderately wounded.
The orc warrior completely misses you.
You hit the orc warrior but do no damage.
The orc warrior is moderately wounded.
You feel sick.
You are no longer poisoned.
You are healed.
You feel somewhat more hungry.
The orc warrior hits you with a war axe.
Unknown command.
Your plate armour prevents you from hitting the orc warrior.
Your bite misses the orc warrior.
The orc warrior is moderately wounded.
The orc warrior hits you with a war axe!
* * * LOW HITPOINT WARNING * * *
Press: ? - help, Dir - move target cursor, f - orc warrior Heal: an orc warrior, wielding a war axe and wearing a plate armour (moderately wounded)
The light of Elyvilon fails to reach the orc warrior.
You are feeling hungry.
The orc warrior hits you with a war axe!!
You die...

.....#.# #... ##.##.#####
...#.#.# ....# #.........# ...#.#
####...###.........#####
####.#.###......#........g......g
#..........#.#..gg....g#####
...........#.#..##'#.#....gg
#...........#..g....#.#......
#####.....#....####..#....#......
..........#.#(..@oo....####......
.......## #.#.####...#.##........
.......# #....# .#.#...........
.......# ###..# ## ####.#......
.......# ###..# ...###.###
.......# #..[.#.#.#. .... #.#
......)####.##.#.#.. .# ..#
######.)(...(#.#.#.# # ##
#####.....#.#.###.#


You could see an orc warrior and an orc.

Vanquished Creatures
  Purgy (D:3)
  An orc warrior (D:8)
  An ogre (D:8)
  2 centaurs
  2 big kobolds
  A scorpion (D:7)
  2 giant frogs
  2 crimson imps (D:7)
  A centaur zombie (D:7)
  4 orc wizards
  Jessica (D:3)
  2 giant frog skeletons
  2 worker ants (D:4)
  A gnoll (D:7)
  7 adders
  A shadow imp (D:7)
  6 worms
  3 giant geckos
  29 orcs
  7 bats
  8 giant cockroaches
  10 goblins
  13 hobgoblins
  4 jackals (D:7)
  18 kobolds
  3 quokkas
  A ball python (D:7)
  3 giant newts
  A quokka skeleton (D:7)
  6 rats
143 creatures vanquished.

Notes
Turn   | Place    | Note
--------------------------------------------------------------
     0 | D:1      | Goblin1989 the Vine Stalker Monk began the quest for the Orb.
     0 | D:1      | Reached XP level 1. HP: 11/11 MP: 2/2
   134 | D:1      | Reached XP level 2. HP: 13/16 MP: 1/3
   427 | D:1      | Reached XP level 3. HP: 16/19 MP: 4/4
   729 | D:2      | Reached skill level 5 in Unarmed Combat
  1059 | D:2      | Reached XP level 4. HP: 23/23 MP: 5/5
  1514 | D:3      | Noticed Jessica
  1521 | D:3      | Killed Jessica
  1521 | D:3      | Reached skill level 6 in Unarmed Combat
  1521 | D:3      | Reached XP level 5. HP: 24/27 MP: 6/6
  1571 | D:3      | Noticed Purgy
  1583 | D:3      | Killed Purgy
  1586 | D:3      | Reached skill level 7 in Unarmed Combat
  1667 | D:3      | Gained mutation: You heal very quickly. [Vine Stalker growth]
  1667 | D:3      | Reached XP level 6. HP: 27/32 MP: 5/7
  1956 | D:3      | Found a glowing drain.
  1973 | Sewer    | Entered a sewer
  2543 | D:4      | You fall through a shaft for 3 floors!
  2544 | D:7      | Noticed Goblin1989's ghost (novice DDNe)
  2597 | D:7      | Reached skill level 1 in Armour
  2616 | D:7      | Reached XP level 7. HP: 12/36 MP: 5/8
  2701 | D:7      | Found an iron altar of Okawaru.
  2701 | D:7      | Found a white marble altar of Elyvilon.
  2723 | D:7      | Became a worshipper of Elyvilon the Healer
  2723 | D:7      | Reached * piety under Elyvilon
  2723 | D:7      | Reached ** piety under Elyvilon
  2740 | D:8      | Noticed an obsidian statue
  2741 | D:8      | Noticed a blue devil
  2741 | D:8      | Noticed a sun demon
  2983 | D:8      | Reached skill level 1 in Invocations
  3135 | D:8      | Gained mutation: You have razor-sharp teeth. [Vine Stalker growth]
  3135 | D:8      | Reached XP level 8. HP: 4/42 MP: 1/10
  3341 | D:7      | Reached skill level 8 in Unarmed Combat
  3367 | D:7      | Reached skill level 5 in Fighting
  3377 | D:7      | Found Robarask's Assorted Antiques.
  3385 | D:7      | Bought a scroll of identify for 64 gold pieces
  3385 | D:7      | Bought a tiny fluorescent amulet for 160 gold pieces
  3593 | D:7      | Mangled by an orc warrior

Action                   |  1- 3 |  4- 6 |  7- 9 || total
-------------------------+-------+-------+-------++-------
Melee: Unarmed           |    99 |   215 |   173 ||   487
Invok: Heal Other        |       |       |     4 ||     4
       Lesser Healing    |       |       |     1 ||     1
  Use: Scroll            |       |     8 |     2 ||    10
 Stab: Sleeping          |     8 |       |       ||     8
  Eat: Chunk             |       |     5 |     3 ||     8
       Royal jelly       |       |       |     1 ||     1
